 Dungeon Crawl Stone Soup version 0.21.1-1-g345015f (webtiles) character file.

233 zishaf the Insei (level 6, -1/29 HPs)
             Began as a Vine Stalker Transmuter on May 18, 2018.
             Slain by Crazy Yiuf
             ... wielding a +3 quarterstaff of chaos
              (4 damage)
             ... on level 2 of the Dungeon.
             The game lasted 00:03:00 (1732 turns).

zishaf the Insei (Vine Stalker Transmuter)          Turns: 1732, Time: 00:03:01

Health: -1/29      AC:  3    Str: 14    XL:     6   Next: 5%
Magic:  0/10       EV:  2    Int: 13    God:
Gold:   79         SH:  0    Dex: 15    Spells: 8/9 levels left

rFire    . . .     SeeInvis .     - Unarmed
rCold    . . .     Gourm    .   (no shield)
rNeg     + + +     Faith    .   b - +0 robe
rPois    ∞         Spirit   +   (no helmet)
rElec    .         Reflect  .   k - +0 cloak
rCorr    .         Harm     .   (no gloves)
MR       .....                  (no boots)
Stlth    +.........             (no amulet)
HPRegen  0.49/turn              (no ring)
MPRegen  0.12/turn              (no ring)

@: petrified
A: fangs 2, regeneration 1, magic shield, antimagic bite, no potion heal 3, rot
immunity
a: no special abilities


You were on level 2 of the Dungeon.
You were not hungry.

You visited 1 branch of the dungeon, and saw 2 of its levels.

You collected 79 gold pieces.

Inventory:

Missiles
 a - 12 arrows
Armour
 b - a +0 robe (worn)
 k - a +0 cloak (worn)
Scrolls
 e - 2 scrolls of identify {unknown}
 i - a scroll of teleportation {unknown}
Potions
 f - 2 potions of curing {unknown}
 h - a potion of ambrosia {unknown}
 j - a potion of mutation {unknown}
Books
 c - a book of Changes

   Spells                             Type                      Level
   a - Beastly Appendage              Transmutation                1
   b - Sticks to Snakes               Transmutation                2
   c - Spider Form                    Transmutation/Poison         3
   d - Ice Form                       Ice/Transmutation            4
   e - Blade Hands                    Transmutation                5
Comestibles
 d - 2 rations
 g - 4 chunks of flesh


   Skills:
 - Level 0.8 Fighting
 - Level 1.5 Dodging
 + Level 6.5 Unarmed Combat
 - Level 2.1 Spellcasting
 - Level 2.0 Transmutations


You had 8 spell levels left.
You knew the following spells:

 Your Spells              Type           Power        Failure   Level  Hunger
a - Beastly Appendage     Tmut           #.....       11%         1    ##.....


Dungeon Overview and Level Annotations

Branches:
Dungeon (2/15)

Altars:
Okawaru
Uskayaw

Annotations:
D:2 Crazy Yiuf


Innate Abilities, Weirdness & Mutations

You have extremely sharp teeth.
Your natural rate of healing is unusually fast.
When hurt, damage is shared between your health and your magic reserves.
Your bite disrupts and absorbs the magic of your enemies.
Potions cannot restore your health.
You are immune to rotting.


Message History

Crazy Yiuf is severely wounded.
Crazy Yiuf grits, "Announcement sanguine spinner!"
Crazy Yiuf hits you with a quarterstaff of chaos!
You are slowing down.
You hit Crazy Yiuf. Your bite misses Crazy Yiuf.
Crazy Yiuf is severely wounded.
Crazy Yiuf barely misses you.
Your limbs are stiffening.
You miss Crazy Yiuf.
Crazy Yiuf is severely wounded.
Crazy Yiuf hits you with a quarterstaff of chaos!
Crazy Yiuf freezes you.
* * * LOW HITPOINT WARNING * * *
You have turned to stone.
Crazy Yiuf hits you with a quarterstaff of chaos!
* * * LOW HITPOINT WARNING * * *
Crazy Yiuf burns you.
* * * LOW HITPOINT WARNING * * *
Crazy Yiuf cries, "Spliff King koolooloo!"
Crazy Yiuf hits you with a quarterstaff of chaos!
You die...

#....#
###.##....##
♣....♣
#.......#.#
♣♣...♣
#.#.#####.#
♣♣.♣♣ #..##
#.## ♣♣.♣
#.## #.#
♣.♣♣ #.##
#.# ♣♣.♣
#..# #.#
♣.♣♣
##.######.#
#@# #.....#
#.g.#
#####.#
#...#
#.#####
#)..#
#.#.+..
#####
######.#.#.#
#...)....#.#
###
######.###.#
#.# #..##..
#.# ##.##'#


You could see Crazy Yiuf.

Vanquished Creatures
  Sigmund (D:2)
  Natasha (D:2)
  2 adders (D:2)
  2 worms (D:2)
  A dart slug (D:1)
  A leopard gecko (D:1)
  A ball python (D:1)
  6 bats
  2 giant cockroaches (D:2)
  3 jackals (D:1)
  4 kobolds
  2 quokkas (D:2)
  5 frilled lizards
  2 goblins (D:1)
  5 rats
38 creatures vanquished.

Notes
Turn   | Place    | Note
-------+----------+-------------------------------------------
     0 | D:1      | zishaf the Vine Stalker Transmuter began the quest for the Orb.
     0 | D:1      | Reached XP level 1. HP: 9/9 MP: 4/4
   167 | D:1      | Reached XP level 2. HP: 12/14 MP: 4/6
   340 | D:1      | Reached skill level 4 in Unarmed Combat
   496 | D:1      | Reached XP level 3. HP: 17/17 MP: 7/7
   761 | D:2      | Found a hide-covered altar of Uskayaw.
  1048 | D:2      | Found an iron altar of Okawaru.
  1375 | D:2      | Noticed Sigmund
  1387 | D:2      | Killed Sigmund
  1387 | D:2      | Reached skill level 6 in Unarmed Combat
  1387 | D:2      | Gained mutation: Your natural rate of healing is unusually fast. [Vine Stalker growth]
  1387 | D:2      | Reached XP level 4. HP: 12/21 MP: 3/8
  1387 | D:2      | Reached XP level 5. HP: 14/25 MP: 3/9
  1534 | D:2      | Noticed Natasha
  1544 | D:2      | Killed Natasha
  1568 | D:2      | Found a faded altar of an unknown god.
  1664 | D:2      | Reached XP level 6. HP: 23/29 MP: 8/10
  1719 | D:2      | Found a runed door.
  1723 | D:2      | Noticed Crazy Yiuf
  1732 | D:2      | Slain by Crazy Yiuf

Skill      XL: |  1  2  3 |
---------------+----------+-----
Unarmed Combat | 4 6 |  6.5
Fighting       | |  0.8
Dodging        | |  1.5
Spellcasting   | |  2.1
Transmutations | |  2.0

Action                   |  1- 3 |  4- 6 || total
-------------------------+-------+-------++-------
Melee: Unarmed           |    96 |    45 ||   141
       Bite              |    19 |    10 ||    29
       Punch             |     1 |       ||     1
       Kick              |     1 |       ||     1
 Cast: Beastly Appendage |     2 |       ||     2
 Stab: Sleeping          |     2 |       ||     2
  Eat: Chunk             |     1 |     2 ||     3
Armor: Robe              |    13 |     8 ||    21
Dodge: Dodged            |    53 |    18 ||    71
